 Dungeon Crawl Stone Soup version 0.31-a0-236-g9a0961fb85 (webtiles) character file.

Game seed: 11841385842056784877

180 Iniera the Stinger (level 5, 0/29 HPs)
             Began as a Deep Elf Venom Mage on July 10, 2023.
             Slain by Blork the orc
             ... wielding a +6 quarterstaff
              (7 damage)
             ... on level 4 of the Dungeon.
             The game lasted 00:05:08 (3688 turns).

Iniera the Stinger (Deep Elf Venom Mage)            Turns: 3688, Time: 00:05:09

Health: 0/29       AC:  6    Str:  5    XL:     5   Next: 33%
Magic:  5/12       EV: 12    Int: 22    God:
Gold:   147        SH:  0    Dex: 15    Spells: 1/11 levels left

rFire   + . .        k - +3 short sword (holy)
rCold   . . .        (no shield)
rNeg    . . .        n - +3 leather armour {rF+}
rPois   .            (no helmet)
rElec   .            (no cloak)
rCorr   .            (no gloves)
SInv    .            (no boots)
Will    .....        (no amulet)
Stlth   ++           (no ring)
HPRegen 0.24/turn    (no ring)
MPRegen 0.13/turn

%: no passive effects
@: no status effects
A: no striking features
a: no special abilities


You were on level 4 of the Dungeon.
You visited 1 branch of the dungeon, and saw 4 of its levels.

You collected 147 gold pieces.

Inventory:

Hand Weapons
 k - a +3 short sword of holy wrath (weapon)
Armour
 n - a +3 leather armour of fire resistance (worn)
Scrolls
 c - a scroll of revelation
Potions
 a - a potion of heal wounds {unknown}
 b - 2 potions of magic
 d - 3 potions of curing
 e - 2 potions of ambrosia {unknown}
 f - a potion of resistance {unknown}
 g - 2 potions of brilliance {unknown}
 h - a potion of mutation {unknown}
 i - a potion of cancellation {unknown}
 j - a potion of invisibility {unknown}


   Skills:
 + Level 1.1 Fighting
 + Level 3.2 Dodging
 + Level 3.3 Stealth
 + Level 3.6 Spellcasting
 + Level 1.6 Conjurations
 + Level 2.3 Transmutations
 + Level 1.5 Air Magic
 + Level 1.1 Earth Magic
 + Level 3.8 Poison Magic


You had one spell level left.
You knew the following spells:

 Your Spells              Type           Power      Damage    Failure   Level
a - Sting                 Tmut/Pois      68%        1d6       5%          1
b - Poisonous Vapours     Pois/Air       30%        N/A       10%         2
c - Mephitic Cloud        Conj/Pois/Air  14%        N/A       22%         3
d - Olgreb's Toxic Radia  Pois           20%        N/A       38%         4

Your spell library contained the following spells:

 Spells                   Type           Power      Damage    Failure   Level
 Slow                     Hex            16%        N/A       19%         1
 Summon Small Mammal      Summ           16%        N/A       19%         1
 Call Canine Familiar     Summ           4%         N/A       50%         3
 Confusing Touch          Hex            4%         N/A       50%         3
 Summon Guardian Golem    Hex/Summ       4%         N/A       50%         3
 Vampiric Draining        Necr           4%         2d6       50%         3
 Leda's Liquefaction      Hex/Erth       3%         N/A       83%         4
 Lee's Rapid Deconstruct  Erth           4%         3d5*      98%         5
 Leda's Unmaking          Conj/Erth      5%         9d2       100%        6
 Statue Form              Tmut/Erth      7%         N/A       100%        6


Dungeon Overview and Level Annotations

Branches:
Dungeon (4/15)
 Temple: D:4-7

Altars:
Kikubaaqudgha

Shops:
D:2 [

Annotations:
D:4 Blork the orc


Message History

Blork the orc is nearby!
Blork the orc gestures wildly while chanting.
Blork the orc seems to speed up.
Blork the orc gestures at you while chanting.
The puff of flame hits you. You resist.
The sting hits Blork the orc but does no damage.
Blork the orc is poisoned.
Blork the orc hits you with a +6 quarterstaff!
You are too injured to fight recklessly!
Casting: Sting (safe; 5% risk of failure)
Confirm with . or Enter, or press ? or * to list all spells.
The spell is quite dangerous to miscast (22% risk of failure)!
Continue anyway?
Aiming: Mephitic Cloud (quite dangerous; 22% risk of failure)
Press: ? - help, Shift-Dir - straight line, p - Blork the orc The ball explodes into a vile cloud!
The stinking cloud engulfs Blork the orc but does no damage.
Blork the orc is engulfed in noxious fumes.
Blork the orc appears confused.
Unknown command.
You hit Blork the orc.
Blork the orc is lightly wounded.
Blork the orc hits you with a +6 quarterstaff!
* * * LOW HITPOINT WARNING * * *
Casting: Mephitic Cloud (quite dangerous; 22% risk of failure)
Confirm with . or Enter, or press ? or * to list all spells.
Aiming: Sting (safe; 5% risk of failure)
Press: ? - help, Shift-Dir - straight line, f - Blork the orc
Aim: Blork the orc, wielding a +6 quarterstaff and wearing a +0 robe (thin mist, lightly wounded, fast, confused, poisoned, 94% to hit)
The sting hits Blork the orc.
Blork the orc looks even sicker.
Blork the orc is moderately wounded.
Blork the orc closely misses you. Blork the orc misses you.
Casting: Sting (safe; 5% risk of failure)
Confirm with . or Enter, or press ? or * to list all spells.
Aiming: Poisonous Vapours (safe; 10% risk of failure)
Press: ? - help, Dir - move target, f/p - Blork the orc
Aim: Blork the orc, wielding a +6 quarterstaff and wearing a +0 robe (thin mist, moderately wounded, fast, confused, very poisoned) Poisonous vapours surround Blork the orc!
Blork the orc looks even sicker.
Blork the orc hits you with a +6 quarterstaff!
You die...

###..#......#*,_,#####....## ##..
.##.........##...# ##....###..#
.........#####...##**##.#...#...#
.....#####.........,,#...##......
.....#####,8...#..._,###.###....#
..##.....#,,.§..°§,,,* #..###...#
.##..#########..§###** ##.<.....#
.#..### #..##§○.#.# ##..###...
......# ##.##.§@#.#####...# ##..
.##...# #.##§o§#..##..##.# ##.
####..#####..#§§§#.....###.#####.
.# #.........#§§§#.###.##*#.##...
.###...##...##§§§#####..# #....#.
.##...#.....#§§§§§#.....###..###.
.......###....§......##.....## #.
#......##.........[#####...## #.
.......#........#.## #.....####.


You could see Blork the orc (fast, confused, very poisoned).

Vanquished Creatures
  An orc priest (D:2)
  Terence (D:2)
  3 adders
  3 worms
  2 dart slugs
  8 orcs
  4 bats
  6 endoplasms
  3 giant cockroaches
  4 hobgoblins
  6 jackals (D:2)
  6 quokkas
  6 ball pythons
  3 frilled lizards
  4 goblins
  10 kobolds
  6 rats
76 creatures vanquished.

Notes
Turn   | Place    | Note
-------+----------+-------------------------------------------
     0 | D:1      | Iniera the Deep Elf Venom Mage began the quest for the Orb.
     0 | D:1      | Reached XP level 1. HP: 10/10 MP: 6/6
   290 | D:1      | Reached XP level 2. HP: 8/15 MP: 0/8
   500 | D:1      | Found a faded altar of an unknown god.
   800 | D:2      | Reached XP level 3. HP: 19/19 MP: 6/9
   918 | D:2      | Learned a level 2 spell: Poisonous Vapours
   922 | D:2      | Learned a level 3 spell: Mephitic Cloud
  1041 | D:2      | Found Horgh's Antique Armour Shop.
  1114 | D:2      | Reached skill level 1 in Air Magic
  1198 | D:2      | Noticed Terence
  1219 | D:2      | Killed Terence
  1220 | D:2      | Reached skill level 1 in Conjurations
  1220 | D:2      | Reached XP level 4. HP: 16/24 MP: 1/11
  1343 | D:2      | Learned a level 4 spell: Olgreb's Toxic Radiance
  1981 | D:3      | Reached skill level 1 in Earth Magic
  2162 | D:3      | Reached XP level 5. HP: 28/28 MP: 10/12
  2214 | D:3      | Found an ancient bone altar of Kikubaaqudgha.
  2217 | D:3      | Reached skill level 1 in Fighting
  3680 | D:4      | Noticed Blork the orc
  3688 | D:4      | Slain by Blork the orc

Illustrated notes

Levels and vault maps discovered:
D:1:      lightli_arrival_statuegarden, layout_basic,
          dreamdust_ecumenical_altar_statues
D:2:      layout_basic, serial_shops, shop, minmay_misc_feat_nine_boxes,
          uniq_terence
D:3:      layout_rooms, kiku_gazebo_garden_becter
D:4:      layout_layer_cave, beargit_hepliaklqana_dungeon_heroes

Skill      XL: |  1  2  3  4  5 |
---------------+----------------+-----
Air Magic      | 1 |  1.5
Stealth        | 3 |  3.3
Conjurations   | 1 |  1.6
Dodging        | 3 |  3.2
Transmutations | 2 |  2.3
Earth Magic    | 1 |  1.1
Fighting       | 1 |  1.1
Spellcasting   | |  3.6
Poison Magic   | |  3.8

Action                     |  1- 3 |  4- 6 || total
---------------------------+-------+-------++-------
  Melee: Dagger            |    21 |    13 ||    34
         Short sword       |       |    21 ||    21
   Cast: Sting             |    59 |    81 ||   140
         Poisonous Vapours |     2 |     2 ||     4
         Mephitic Cloud    |     1 |     1 ||     2
    Use: Scroll            |     2 |     6 ||     8
         Potion            |     1 |       ||     1
   Stab: Sleeping          |     3 |     2 ||     5
 Armour: Robe              |    13 |    11 ||    24
         Leather armour    |       |     1 ||     1
  Dodge: Dodged            |    40 |    45 ||    85

Table legend: (Time is in decaauts)
 A = Elapsed time spent in this place.
 B = Non-inter-level travel time spent in this place.
 C = Inter-level travel time spent in this place.
 D = Time resting spent in this place.
 E = Time spent auto-exploring this place.
 F = Levels seen in this place.
 G = Mean time per level.
                   A        B        C        D        E       F      G
               +--------+--------+--------+--------+--------+-----+--------+
         Total |   3686 |   3603 |     83 |    105 |   2978 |   4 |  921.5 |
       Dungeon |   3686 |   3603 |     83 |    105 |   2978 |   4 |  921.5 |
               +--------+--------+--------+--------+--------+-----+--------+

Top non-repeatable levels by time:
     D:2: 1281 daAuts
     D:4: 1060 daAuts
     D:1: 687 daAuts
     D:3: 656 daAuts
